 Dungeon Crawl Stone Soup version 0.23.2 (webtiles) character file.

Game seed: 17896656179021838142

735 myga the Grasshopper (level 7, -5/56 HPs)
             Began as a Gnoll Warper on Apr 4, 2019.
             Slain by a sky beast (6 damage)
             ... on level 5 of the Dungeon on Apr 5, 2019.
             The game lasted 00:28:32 (3544 turns).

myga the Grasshopper (Gnoll Warper)                 Turns: 3544, Time: 00:28:33

Health: -5/56      AC:  3    Str: 15    XL:     7   Next: 74%
Magic:  15/15      EV: 15    Int: 16    God:
Gold:   229        SH:  0    Dex: 18    Spells: 4/17 levels left

rFire    + . .     SeeInvis .   v - +0 glaive
rCold    . . .     Gourm    .   (shield currently unavailable)
rNeg     . . .     Faith    .   y - +0 leather armour
rPois    .         Spirit   .   (no helmet)
rElec    .         Reflect  .   (no cloak)
rCorr    .         Harm     .   (no gloves)
MR       .....                  (no boots)
Stlth    ++........             i - amulet of regeneration
HPRegen  0.58/turn              a - ring of protection from fire
MPRegen  0.14/turn              c - +4 ring of dexterity

@: no status effects
A: distributed training, fangs 1, strong nose
a: no special abilities


You were on level 5 of the Dungeon.
You were not hungry.

You visited 1 branch of the dungeon, and saw 5 of its levels.

You collected 229 gold pieces.

Inventory:

Hand Weapons
 v - a +0 glaive (weapon)
Missiles
 e - 5 tomahawks of dispersal
 j - 80 stones (quivered)
Armour
 y - a +0 leather armour (worn)
Jewellery
 a - a ring of protection from fire (left hand)
 c - a +4 ring of dexterity (right hand)
 i - an amulet of regeneration (around neck)
Wands
 q - a wand of iceblast (5)
Scrolls
 d - a scroll of blinking
 g - 4 scrolls of teleportation
 k - 4 scrolls of immolation
 n - 2 scrolls of fog
 w - 2 scrolls of magic mapping {unknown}
 x - a scroll of noise
 z - a scroll of amnesia
Potions
 b - a potion of agility
 h - a potion of might
 m - a potion of experience
 o - a potion of magic
 p - 2 potions of heal wounds
 r - a potion of degeneration {unknown}
 s - a potion of mutation
 t - 3 potions of curing
 u - a potion of berserk rage {unknown}
Comestibles
 f - 9 rations


   Skills:
 + Level 5.3 Fighting
 + Level 2.6 Short Blades
 + Level 2.6 Long Blades
 + Level 2.6 Axes
 + Level 2.6 Maces & Flails
 + Level 5.3 Polearms
 + Level 2.6 Staves
 + Level 2.6 Slings
 + Level 2.6 Bows
 + Level 2.6 Crossbows
 + Level 3.7 Throwing
 + Level 3.7 Armour
 + Level 5.3 Dodging
 + Level 2.6 Stealth
 + Level 2.6 Shields
 + Level 2.6 Unarmed Combat
 + Level 5.7 Spellcasting
 + Level 2.1 Conjurations
 + Level 2.1 Hexes
 + Level 2.1 Charms
 + Level 2.1 Summonings
 + Level 2.1 Necromancy
 + Level 5.9 Translocations
 + Level 2.1 Transmutations
 + Level 2.1 Fire Magic
 + Level 2.1 Ice Magic
 + Level 2.1 Air Magic
 + Level 2.1 Earth Magic
 + Level 2.1 Poison Magic
 + Level 2.9 Invocations
 + Level 2.6 Evocations


You had 4 spell levels left.
You knew the following spells:

 Your Spells              Type           Power        Failure   Level  Hunger
a - Blink                 Tloc           N/A          2%          2    #......
b - Shroud of Golubria    Chrm/Tloc      ###.......   4%          2    #......
c - Gell's Gravitas       Tloc           ###.......   4%          3    ##.....
d - Lesser Beckoning      Tloc           ###.......   4%          3    ##.....
e - Teleport Other        Tloc           ###.....     4%          3    ##.....

Your spell library contained the following spells:

 Spells                   Type           Power        Failure   Level  Hunger
 Passage of Golubria      Tloc           N/A          16%         4    ####...


Dungeon Overview and Level Annotations

Branches:
Dungeon (5/15)
 Temple: D:4-7

Altars:
Ashenzari
Gozag
Hepliaklqana


Innate Abilities, Weirdness & Mutations

Your experience applies equally to all skills.
You have very sharp teeth.
Your uncanny sense of smell can sniff out nearby items.


Message History

* * * LOW HITPOINT WARNING * * *
A sky beast appears from thin air!
Reactivating autopickup.
The sky beast hits you.
* * * LOW HITPOINT WARNING * * *
The sky beast shocks you.
* * * LOW HITPOINT WARNING * * *
The sky beast hits you.
* * * LOW HITPOINT WARNING * * *
The sky beast shocks you.
* * * LOW HITPOINT WARNING * * *
All of the chunks of flesh in your inventory have rotted away.
The sky beast flickers out of sight!
Deactivating autopickup; reactivate with Ctrl-A.
Attack whom?
Press: ? - help, Dir - move target cursor You reach to attack!
You attack empty space.
Something hits you.
* * * LOW HITPOINT WARNING * * *
Something shocks you.
You die...

##......## ##..##.....
##........####......###
#...........###.###..##
#.........>...#..###...
#..........##........##
#...?......######....##
#..........# ####...
##........## #....
#....@...# #.#..
#......)...$# #.##.
#...........# #.##.
#......?....# #.##.
#............. ..##.
#.......>..##.. .###.
##........## .. . ##
##......## .. ### #..


There were no monsters in sight!

Vanquished Creatures
  A necrophage (D:5)
  A centaur (D:5)
  2 ogres
  The ghost of Sagrath01 the Shield-Bearer, a weakling DDFi (D:4)
  A hound (D:5)
  2 quasits (D:4)
  An iguana (D:4)
  2 worker ants
  A mummy (D:5)
  4 gnolls (D:2)
  3 adders
  2 oozes
  5 worms
  3 dart slugs
  3 leopard geckos
  An orc (D:3)
  A giant cockroach (D:1)
  6 goblins
  7 hobgoblins
  10 jackals
  9 kobolds
  2 quokkas
  9 bats
  4 frilled lizards
  A hobgoblin zombie (D:5)
  A jackal skeleton (D:4)
  2 kobold zombies (D:5)
  An orc zombie (D:5)
  A quokka skeleton (D:5)
  6 rats
93 creatures vanquished.

Notes
Turn   | Place    | Note
-------+----------+-------------------------------------------
     0 | D:1      | myga the Gnoll Warper began the quest for the Orb.
     0 | D:1      | Reached XP level 1. HP: 20/20 MP: 6/6
    35 | D:1      | Found a shattered altar of Ashenzari.
   130 | D:1      | Reached XP level 2. HP: 21/26 MP: 7/7
   234 | D:1      | Learned a level 2 spell: Blink
   237 | D:1      | Learned a level 2 spell: Shroud of Golubria
   482 | D:1      | Reached skill level 5 in Spellcasting
   482 | D:1      | Reached XP level 3. HP: 31/31 MP: 7/9
   663 | D:2      | Learned a level 3 spell: Gell's Gravitas
   667 | D:2      | Learned a level 3 spell: Lesser Beckoning
   743 | D:2      | Reached skill level 1 in Invocations
   775 | D:2      | Found a shattered altar of Ashenzari.
   777 | D:2      | Found a hazy altar of Hepliaklqana.
   777 | D:2      | Found an opulent altar of Gozag.
   874 | D:2      | Reached skill level 1 in Short Blades
   874 | D:2      | Reached skill level 1 in Long Blades
   874 | D:2      | Reached skill level 1 in Axes
   874 | D:2      | Reached skill level 1 in Maces & Flails
   874 | D:2      | Reached skill level 1 in Staves
   874 | D:2      | Reached skill level 1 in Slings
   874 | D:2      | Reached skill level 1 in Bows
   874 | D:2      | Reached skill level 1 in Crossbows
   874 | D:2      | Reached skill level 1 in Stealth
   874 | D:2      | Reached skill level 1 in Shields
   874 | D:2      | Reached skill level 1 in Unarmed Combat
   874 | D:2      | Reached skill level 1 in Evocations
   969 | D:2      | Reached XP level 4. HP: 31/38 MP: 11/11
   974 | D:2      | Learned a level 3 spell: Teleport Other
  1303 | D:2      | Reached skill level 1 in Conjurations
  1303 | D:2      | Reached skill level 1 in Hexes
  1303 | D:2      | Reached skill level 1 in Charms
  1303 | D:2      | Reached skill level 1 in Summonings
  1303 | D:2      | Reached skill level 1 in Necromancy
  1303 | D:2      | Reached skill level 1 in Transmutations
  1303 | D:2      | Reached skill level 1 in Fire Magic
  1303 | D:2      | Reached skill level 1 in Ice Magic
  1303 | D:2      | Reached skill level 1 in Air Magic
  1303 | D:2      | Reached skill level 1 in Earth Magic
  1303 | D:2      | Reached skill level 1 in Poison Magic
  1685 | D:3      | Reached XP level 5. HP: 43/43 MP: 12/12
  2369 | D:4      | Found a transporter.
  2373 | D:4      | Noticed Sagrath01's ghost (weakling DDFi)
  2388 | D:4      | Found a transporter.
  2769 | D:4      | Noticed an ogre
  2789 | D:4      | Killed an ogre
  2789 | D:4      | Reached XP level 6. HP: 18/50 MP: 14/14
  2925 | D:4      | Reached skill level 5 in Fighting
  2925 | D:4      | Reached skill level 5 in Polearms
  2925 | D:4      | Reached skill level 5 in Dodging
  2934 | D:4      | Killed Sagrath01's ghost
  3006 | D:5      | Entered Level 5 of the Dungeon
  3030 | D:5      | Noticed a necrophage
  3046 | D:5      | Killed a necrophage
  3046 | D:5      | Reached XP level 7. HP: 40/56 MP: 13/15
  3537 | D:5      | HP: 1/56 [sky beast (5)]
  3544 | D:5      | HP: 1/56 [something (4)]
  3544 | D:5      | Slain by a sky beast

Skill      XL: |  1  2  3  4  5  6  7 |
---------------+----------------------+-----
Spellcasting   | 5 |  5.7
Invocations    | 1 2 |  2.9
Short Blades   | 1 2 |  2.6
Long Blades    | 1 2 |  2.6
Axes           | 1 2 |  2.6
Maces & Flails | 1 2 |  2.6
Staves         | 1 2 |  2.6
Slings         | 1 2 |  2.6
Bows           | 1 2 |  2.6
Crossbows      | 1 2 |  2.6
Stealth        | 1 2 |  2.6
Shields        | 1 2 |  2.6
Unarmed Combat | 1 2 |  2.6
Evocations     | 1 2 |  2.6
Conjurations   | 1 2 |  2.1
Hexes          | 1 2 |  2.1
Charms         | 1 2 |  2.1
Summonings     | 1 2 |  2.1
Necromancy     | 1 2 |  2.1
Transmutations | 1 2 |  2.1
Fire Magic     | 1 2 |  2.1
Ice Magic      | 1 2 |  2.1
Air Magic      | 1 2 |  2.1
Earth Magic    | 1 2 |  2.1
Poison Magic   | 1 2 |  2.1
Throwing       | 3 |  3.7
Armour         | 3 |  3.7
Fighting       | 5 |  5.3
Polearms       | 5 |  5.3
Dodging        | 5 |  5.3
Translocations | |  5.9

Action                   |  1- 3 |  4- 6 |  7- 9 || total
-------------------------+-------+-------+-------++-------
Melee: Spear             |   128 |    53 |       ||   181
       Bite              |    10 |     4 |     9 ||    23
       Halberd           |       |    57 |       ||    57
       Glaive            |       |    61 |    61 ||   122
Throw: Stone             |       |    16 |     7 ||    23
 Cast: Gell's Gravitas   |       |     4 |       ||     4
       Shroud of Golubri |       |     3 |     1 ||     4
       Blink             |       |     1 |       ||     1
  Use: Scroll            |     2 |    11 |     1 ||    14
 Stab: Sleeping          |     3 |     1 |       ||     4
  Eat: Chunk             |       |     7 |     2 ||     9
Armor: Leather armour    |    21 |    21 |     9 ||    51
Dodge: Dodged            |    63 |   110 |    50 ||   223
